Map: Redshift LE

Players

SpeCial - Winner!

  • Race: Terran Terran
  • Spawn Location: 7:00

Bly

  • Race: Zerg Zerg
  • Spawn Location: 11:00

Event: WCS Austin 2018

VOD

Have the link to the VOD?

Description

Time

  • Played on: June 2, 2018, 8:04 p.m.
  • Length: 10:22

All games in this series

Show
View Real Time Build Order
Export as new Build Order

SpeCial Terran - Winner!

Build Orders: Cyclone Opening, Reaper Expand, MMM Bio 

Get SALT Encoding   

  12  0:00  SCV  
  13  0:13  SCV  
  14  0:17  Supply Depot  
  14  0:25  SCV  
  15  0:38  SCV  
  15  0:39  Barracks  
  16  0:43  Refinery  
  16  0:50  SCV  
  17  1:03  SCV  
  18  1:15  SCV  
  19  1:27  Orbital Command  
  19  1:28  Reaper  
  20  1:37  Command Center  
  20  1:52  Supply Depot  
  20  1:53  SCV  
  21  1:59  Marine  
  22  2:08  SCV, Factory  
  22  2:12  Refinery  
  23  2:22  Bunker  
  23  2:23  Barracks Reactor  
  23  2:24  SCV  
  24  2:36  SCV  
  25  2:50  Orbital Command, SCV  
  26  2:53  Cyclone  
  29  3:00  Marine x2  
  29  3:04  SCV  
  32  3:09  Starport  
  32  3:16  SCV  
  32  3:17  Marine, SCV  
  32  3:18  Marine  
  36  3:26  Supply Depot  
  36  3:28  SCV  
  36  3:32  SCV  
  38  3:36  Factory Tech Lab  
  38  3:41  SCV  
  41  3:44  SCV  
  42  3:53  SCV  
  41  3:56  Command Center  
  41  3:58  SCV  
  41  4:00  Cloaking Field  
  41  4:02  Banshee  
  45  4:04  Factory Tech Lab  
  45  4:05  SCV  
  46  4:10  Supply Depot  
  46  4:11  SCV  
  49  4:17  SCV  
  49  4:23  Barracks  
  48  4:24  SCV  
  48  4:29  SCV  
  48  4:30  Marine  
  51  4:31  Barracks  
  51  4:34  Stimpack  
  51  4:36  SCV  
  51  4:38  Factory Reactor  
  52  4:41  SCV  
  53  4:46  Supply Depot  
  53  4:47  Banshee  
  53  4:48  Marine  
  53  4:49  SCV  
  58  4:53  SCV  
  58  4:59  Engineering Bay x2  
  59  5:01  SCV  
  59  5:05  SCV  
  60  5:08  Marine  
  60  5:10  Marine  
  60  5:11  Marine  
  60  5:12  Orbital Command  
  63  5:14  SCV  
  63  5:15  Refinery  
  63  5:16  Refinery  
  63  5:17  SCV  
  65  5:26  SCV  
  66  5:29  SCV  
  66  5:33  Marine x4  
  66  5:34  Marine  
  72  5:38  SCV  
  72  5:39  SCV  
  72  5:40  Starport Reactor  
  72  5:42  SCV  
  75  5:49  Siege Tank  
  78  5:51  Marine x3, SCV x2  
  78  5:52  Marine  
  78  5:53  Barracks, Supply Depot  
  78  5:54  Barracks  
  78  5:56  Terran Infantry Weapons Level 1, Terran Infantry Armor Level 1  
  83  6:01  SCV  
  83  6:03  SCV  
  85  6:07  Marine  
  83  6:13  Marine  
  83  6:16  SCV x2  
  71  6:20  Medivac x2  
  71  6:22  SCV  
  65  6:28  Marine x2, SCV x2  
  68  6:33  Marine x3  
  68  6:34  SCV  
  72  6:40  SCV x2, Combat Shields  
  72  6:41  Barracks Reactor  
  72  6:46  Barracks Reactor, Marine, SCV  
  76  6:47  Marine  
  76  6:51  Supply Depot, Marine  
  76  6:52  SCV x2  
  80  6:54  Medivac  
  80  6:58  SCV  
  83  7:04  SCV x2  
  85  7:08  Marine  
  85  7:09  Marine  
  85  7:12  Marine x2  
  85  7:13  Siege Tank  
  92  7:16  SCV  
  92  7:17  SCV  
  92  7:19  SCV  
  92  7:20  Supply Depot x3  
  92  7:21  Supply Depot  
  95  7:24  Marine x2  
  95  7:28  Marine x2, SCV  
  95  7:29  SCV  
  101  7:31  SCV  
  101  7:36  Marine  
  103  7:38  Medivac x2  
  103  7:41  SCV x2  
  103  7:42  Marine x5  
  103  7:44  SCV  
  115  7:49  Siege Tank  
  116  7:53  SCV x2  
  116  7:56  Marine x3, SCV  
  117  8:05  Refinery, SCV x2  
  114  8:06  Supply Depot, Marine x2  
  114  8:07  Refinery, Marine  
  114  8:09  Marine x2  
  114  8:10  Medivac, Marine  
  114  8:11  Medivac  
  124  8:14  Factory  
  124  8:15  Marine x3  
  124  8:19  Missile Turret  
  127  8:22  SCV x2  
  127  8:23  SCV  
  127  8:24  Marine  
  127  8:25  Supply Depot  
  127  8:27  Marine x3, Supply Depot  
  134  8:36  Marine x5  
  134  8:37  Liberator, Siege Tank  
  134  8:38  Liberator  
  134  8:39  Supply Depot  
  140  8:44  Marine  
  140  8:45  Marine x2, SCV  
  140  8:46  Marine  
  141  8:52  SCV x2  
  141  8:53  Marine  
  141  8:54  Marine  
  150  8:58  Marine x2  
  152  9:02  Factory Tech Lab  
  152  9:03  Marine x2  
  152  9:05  Marine x2  
  152  9:07  Supply Depot  
  156  9:16  Marine  
  157  9:17  Barracks  
  157  9:19  Barracks  
  157  9:20  Marine, Siege Tank  
  159  9:24  Marine x4  
  159  9:26  Marauder, Marine  
  164  9:37  Marine x2  
  164  9:38  Marine, Siege Tank  
  167  9:42  Marine x4  
  167  9:44  Marine  
  173  9:48  Marauder  
  177  9:52  Widow Mine  
  177  9:54  Marine x2  
  177  9:55  SCV x2  
  177  9:56  Armory  
  181  10:01  Marine x2  
  181  10:02  Marine x2  
  181  10:07  Barracks Tech Lab x2  
Show
View Real Time Build Order
Export as new Build Order

Bly Zerg 

Build Orders: Pool First 

Get SALT Encoding   

  12  0:01  Drone  
  13  0:12  Overlord  
  13  0:17  Drone  
  14  0:31  Drone x2  
  14  0:34  Drone  
  17  0:44  Spawning Pool  
  17  0:49  Drone  
  17  1:08  Hatchery  
  16  1:12  Drone  
  16  1:16  Drone  
  18  1:21  Extractor  
  17  1:31  Queen, Zergling x4  
  21  1:39  Overlord  
  21  1:51  Drone  
  22  2:03  Drone  
  22  2:07  Queen  
  25  2:15  Drone  
  26  2:24  Queen  
  26  2:25  Drone x2, Metabolic Boost  
  30  2:35  Drone x2  
  30  2:45  Drone x3  
  30  2:46  Drone  
  34  2:57  Hatchery  
  33  3:04  Overlord  
  33  3:06  Overlord  
  33  3:09  Drone  
  33  3:11  Drone  
  35  3:14  Drone  
  36  3:22  Drone x4  
  36  3:24  Drone x2  
  42  3:31  Drone x2  
  44  3:35  Drone  
  45  3:42  Drone  
  45  3:45  Drone x3  
  45  3:48  Overlord  
  49  3:50  Overlord, Extractor  
  49  3:51  Drone x2  
  50  3:58  Overlord  
  50  4:00  Extractor  
  50  4:01  Drone, Roach Warren  
  49  4:06  Overlord  
  49  4:08  Overlord  
  49  4:24  Overlord, Zergling x4  
  49  4:25  Zergling x8  
  55  4:32  Overlord  
  55  4:33  Overlord  
  55  4:43  Roach x3  
  61  4:51  Roach x4  
  71  4:52  Roach  
  71  4:54  Roach x3  
  71  4:57  Roach  
  78  5:01  Roach x2  
  78  5:02  Roach  
  83  5:07  Spore Crawler  
  83  5:08  Overlord  
  83  5:13  Spore Crawler  
  80  5:24  Burrow  
  80  5:25  Spore Crawler  
  78  5:29  Zergling x2  
  78  5:30  Zergling x14  
  84  5:38  Ravager x2  
  84  5:39  Ravager x2  
  88  5:43  Zergling x2  
  88  5:44  Zergling x8  
  93  5:54  Zergling x2  
  93  5:55  Zergling x4  
  93  5:56  Overlord  
  96  6:01  Overlord  
  96  6:02  Lair  
  85  6:16  Drone x8  
  76  6:22  Drone x3  
  64  6:29  Drone x4  
  62  6:35  Evolution Chamber  
  62  6:37  Roach x2  
  65  6:42  Drone x2  
  65  6:43  Drone  
  70  6:54  Roach x5  
  70  7:00  Glial Reconstitution, Extractor  
  77  7:05  Overseer  
  73  7:10  Drone x6  
  78  7:17  Drone x2  
  78  7:18  Drone x4  
  78  7:21  Roach  
  78  7:22  Roach x2  
  88  7:25  Roach  
  88  7:26  Drone  
  88  7:32  Roach x5  
  84  7:38  Roach  
  84  7:42  Roach  
  81  7:52  Roach x3  
  79  8:01  Roach  
  79  8:02  Roach x3  
  85  8:12  Extractor  
  84  8:13  Extractor  
  84  8:17  Lair  
  83  8:21  Hatchery  
  83  8:23  Drone x4  
  83  8:24  Drone  
  87  8:37  Hatchery  
  86  8:42  Drone  
  86  8:43  Drone x2  
  86  8:44  Queen  
  86  8:46  Drone  
  86  8:47  Drone  
  75  8:58  Roach x3  
  75  8:59  Roach x2  
  84  9:08  Roach x2  
  88  9:19  Roach x2, Queen  
  88  9:20  Queen  
  85  9:33  Roach  
  85  9:34  Roach x4  
  95  9:38  Infestation Pit  
  95  9:41  Overseer  
  94  9:53  Roach x6  
  108  10:06  Drone x2  
  108  10:07  Drone x4  
Tags
 
Add a new tag
Caveats
  • Supply blocks, unpowered buildings, or Contaminate may cause inaccurate times.
  • Supply counts are checked every 10 seconds.